 Dungeon Crawl Stone Soup version 0.17.0-56-gd8de76c (webtiles) character file.

8 gorblad the Digger (level 2, -1/11 HPs)
             Began as a Felid Earth Elementalist on Dec 6, 2015.
             Slain by a goblin
             ... wielding a +0 club
              (4 damage)
             ... on level 1 of the Dungeon.
             The game lasted 00:00:51 (132 turns).

gorblad the Digger (Felid Earth Elementalist)        Turns: 132, Time: 00:00:51

Health: -1/11      AC:  1    Str:  4    XL:     2   Next: 0%
Magic:  0/6        EV: 18    Int: 16    God:
Gold:   17         SH:  0    Dex: 16    Spells: 1 memorised, 4 levels left
                                        Lives:  0   Deaths: 0

rFire  . . .     SeeInvis +     (weapon unavailable)
rCold  . . .     Clarity  .     (armour unavailable)
rNeg   . . .     SustAt   .     (shield unavailable)
rPois  .         Gourm    .     (helmet unavailable)
rElec  .         Spirit   .     (cloak unavailable)
rCorr  .         Warding  .     (gloves unavailable)
rMut   .         Stasis   .     (boots unavailable)
MR     .....                    (no amulet)
Stlth  +++.......               (no ring)
                                (no ring)

@: quick, not resistant to hostile enchantments, fairly stealthy
A: no armour, no weapons or thrown items, claws 1, fangs 3, see invisible,
carnivore 3, speed 1, shaggy fur 1, slow metabolism 1, sharp paws
a: no special abilities


You were on level 1 of the Dungeon.
You were very full.

You visited 1 branch of the dungeon, and saw 1 of its levels.

You collected 17 gold pieces.

Inventory:

Missiles
 a - 20 stones
Scrolls
 e - a scroll of amnesia {unknown}
Books
 b - a book of Geomancy

   Spells                             Type                      Level
   a - Sandblast                      Earth                        1
   b - Stoneskin                      Transmutation/Earth          2
   c - Passwall                       Transmutation/Earth          3
   d - Stone Arrow                    Conjuration/Earth            3
   e - Petrify                        Transmutation/Earth          4
   f - Lee's Rapid Deconstruction     Earth                        5
Comestibles
 c - a meat ration


   Skills:
 + Level 2.8 Dodging
 + Level 2.9 Stealth
 + Level 2.2 Spellcasting
   Level 1.1 Transmutations
 + Level 2.9 Earth Magic


You had 4 spell levels left.
You knew the following spells:

 Your Spells              Type           Power        Failure   Level  Hunger
a - Sandblast             Erth           ##....       10%         1    #......


Dungeon Overview and Level Annotations

Branches:
Dungeon (1/15)

Altars:


Innate Abilities, Weirdness & Mutations

You cannot wear armour.
You are incapable of wielding weapons or throwing items.
You have sharp claws.
You have razor-sharp teeth.
You have supernaturally acute eyesight.
You are carnivorous and can eat meat at any time.
You cover ground quickly.
You are covered in fur (AC +1).
You have a slow metabolism.
Your sharp claws are effective at attacking unaware monsters.


Message History

Confirm with . or Enter, or press ? or * to list all spells.
Aiming: Sandblast
Press: ? - help, Shift-Dir - straight line, f - ball python
Aim: a ball python (constricting you)
The blast of sand hits the ball python.
You kill the ball python!
You have reached level 2!
The bat misses you. x3
You miss the bat. The bat closely misses you. The bat misses you.
You barely miss the goblin. The bat barely misses you. The goblin hits you.
The bat closely misses you.
You scratch the goblin but do no damage.
The bat hits you but does no damage. The bat barely misses you.
The goblin misses you.
You scratch the goblin.
The goblin is heavily wounded.
The bat hits you but does no damage. The goblin hits you.
* * * LOW HITPOINT WARNING * * *
The goblin hits you with a club.
You die...

#.......# #.......#
#.......# #.......#
..... #.......#
.....####.......#
...#..##....†g.#
#.....#....@g.#
#.....##..##b.....>
##.....##.##
#...... ..#.....#.#
......
#####.#.......#
.....
#...#.#....#..#
.....###
#.....#....#..#
....#.#
#...............
....#.#
.......#..#.###..
#.#


You could see 2 goblins and a bat.

Vanquished Creatures
  A bat (D:1)
  A goblin (D:1)
  A hobgoblin (D:1)
  A kobold (D:1)
  A ball python (D:1)
  A giant newt (D:1)
  2 rats (D:1)
8 creatures vanquished.

Notes
Turn   | Place    | Note
--------------------------------------------------------------
     0 | D:1      | gorblad the Felid Earth Elementalist began the quest for the Orb.
     0 | D:1      | Reached XP level 1. HP: 7/7 MP: 4/4
   128 | D:1      | Reached XP level 2. HP: 7/11 MP: 0/6
   132 | D:1      | Slain by a goblin

Action                   || total
-------------------------++-------
Melee: Unarmed           ||    14
 Cast: Sandblast         ||    10
  Eat: Chunk             ||     5
